 Dungeon Crawl Stone Soup version 0.24.0-123-gd5b16e6ec5 (webtiles) character file.

Game seed: 9942972635690860462, levelgen mode: deterministic

26238 sumire the Cleaver (level 13, -1/106 HPs)
             Began as a Formicid Fighter on Jan 31, 2020.
             Was a High Priest of Qazlal.
             Slain by Jorgrun
             ... wielding a +0 quarterstaff of crushing
              (2 damage)
             ... while petrified by Jorgrun
             ... on level 15 of the Dungeon on Feb 1, 2020.
             The game lasted 00:47:44 (18829 turns).

sumire the Cleaver (Formicid Fighter)              Turns: 18829, Time: 00:47:44

Health: -1/106     AC: 23    Str: 24    XL:     13   Next: 56%
Magic:  0/17       EV: -1    Int: 10    God:    Qazlal [*****.]
Gold:   988        SH:  0    Dex: 12    Spells: 10/12 levels left

rFire    x . .     SeeInvis +   U - +1 battleaxe
rCold    + + .     Gourm    .   a - +0 large shield
rNeg     + + +     Faith    .   F - +0 plate armour
rPois    ∞         Spirit   +   (helmet unavailable)
rElec    .         Reflect  .   y - +1 cloak
rCorr    +         Harm     .   n - +1 pair of gloves
MR       +....                  (no boots)
Stlth    ..........             C - amulet of guardian spirit
HPRegen  0.27/turn              s - ring of ice
MPRegen  0.15/turn              d - ring of resist corrosion

@: petrified, grasped by roots, protected from physical damage, constricted,
repel missiles
A: permanent stasis, dig shafts and tunnels, four strong arms, antennae 3,
talons 1, agile 1, cold resistance 1, sturdy frame 1
a: Dig, Shaft Self, Upheaval, Elemental Force, Disaster Area, Renounce Religion


You were on level 15 of the Dungeon.
You worshipped Qazlal.
Qazlal was extremely pleased with you.
You were not hungry.

You visited 2 branches of the dungeon, and saw 16 of its levels.
You also visited: Ossuary.

You collected 988 gold pieces.

Inventory:

Hand Weapons
 N - the +5 trident of Disintegration {speed, Int+6 SInv}
   (You found it on level 11 of the Dungeon)

   Attacks with this weapon are significantly faster.
   It affects your intelligence (+6).
   It lets you see invisible.
 U - a +1 battleaxe (weapon)
Missiles
 b - 11 boomerangs
 e - 35 poisoned darts
 l - 4 throwing nets
 I - 8 curare-tipped darts (quivered)
 M - 6 atropa-tipped darts
Armour
 a - a +0 large shield (worn)
 c - a +0 shield
 n - a +1 pair of gloves (worn)
 w - a +1 scale mail of fire resistance
 y - a +1 cloak (worn)
 F - a +0 plate armour (worn)
Jewellery
 d - a ring of resist corrosion (right hand)
 p - an uncursed ring of wizardry
 s - a ring of ice (left hand)
 C - an amulet of guardian spirit (around neck)
Wands
 i - a wand of clouds (6)
 m - a wand of disintegration (10)
 D - a wand of paralysis (12)
 K - a wand of random effects (19)
 L - a wand of iceblast (6)
 S - a wand of flame (17)
Scrolls
 g - a scroll of fog
 h - 6 scrolls of remove curse
 j - a scroll of fear
 r - 7 scrolls of immolation
 z - 3 scrolls of magic mapping
 H - 2 scrolls of enchant weapon
 O - 2 scrolls of enchant armour
Potions
 k - 2 potions of ambrosia
 o - 3 potions of heal wounds
 q - 7 potions of curing
 t - a potion of brilliance
 u - 2 potions of resistance
 v - a potion of magic
 x - 2 potions of berserk rage
 A - 4 potions of flight
 E - a potion of might
 G - a potion of lignification
Miscellaneous
 P - a sack of spiders
Comestibles
 f - 25 rations


   Skills:
 + Level 11.0 Fighting
 + Level 14.5 Axes
 + Level 0.3(9.7) Polearms
 + Level 2.5 Throwing
 + Level 11.3 Armour
 + Level 7.7 Shields
 - Level 6.6 Invocations
 + Level 0.5 Evocations


You had 10 spell levels left.
You knew the following spells:

 Your Spells              Type           Power        Failure   Level  Hunger
a - Song of Slaying       Chrm           #.......     100%        2    ###....

Your spell library contained the following spells:

 Spells                   Type           Power        Failure   Level  Hunger
 Confusing Touch          Hex            #.....       100%        1    ##.....
 Corona                   Hex            #......      100%        1    ##.....
 Infusion                 Chrm           #...         100%        1    ##.....
 Ensorcelled Hibernation  Hex/Ice        #.....       100%        2    ###....
 Shroud of Golubria       Chrm/Tloc      #.....       100%        2    ###....
 Confuse                  Hex            #.......     100%        3    ####...
 Dazzling Spray           Conj/Hex       #.....       100%        3    ####...
 Gell's Gravitas          Tloc           #.........   100%        3    ####...
 Regeneration             Chrm/Necr      #.........   100%        3    ####...
 Spectral Weapon          Hex/Chrm       #.......     100%        3    ####...
 Tukima's Dance           Hex            #.......     100%        3    ####...
 Petrify                  Tmut/Erth      #.......     100%        4    #####..
 Metabolic Englaciation   Hex/Ice        #.........   100%        5    ######.
 Yara's Violent Unravell  Hex/Tmut       #.........   100%        5    ######.


Dungeon Overview and Level Annotations

Branches:
Dungeon (15/15)            Temple (1/1) D:6            Lair (0/6) D:10
    Orc (0/2) D:12         Vaults (0/5) D:13        Ossuary (visited)
 Depths: D:15

Altars:
Cheibriados
Dithmenos
Elyvilon
Fedhas
Kikubaaqudgha
Makhleb
Okawaru
Qazlal
Ru
Sif Muna
Trog
Uskayaw
Zin

Shops:
D:12 (

Annotations:
D:2 exclusion: 2 downstairs
D:3 3 runed translucent doors, exclusion: downstairs, mnemonic's ghost, amateur GrFi
D:4 exclusion: 2 downstairs
D:5 exclusion: downstairs
D:8 exclusion: downstairs
D:9 exclusion: downstairs
D:12 exclusion: downstairs
D:15 Jorgrun


Innate Abilities, Weirdness & Mutations

You cannot be hasted, slowed, berserked, paralysed or teleported.
You can dig through walls and to a lower floor.
Your four strong arms can wield two-handed weapons with a shield.
You have a pair of large antennae on your head. (SInv)
You have sharp toenails.
You are agile. (Dex +2)
Your flesh is cold resistant. (rC+)
Your movements are slightly less encumbered by armour. (ER -2)


Message History

Unknown command.
You barely miss Jorgrun. Your kick misses Jorgrun.
Jorgrun is almost dead.
Jorgrun is engulfed in blazing flames.
Jorgrun points at you and mumbles some strange words.
The wall shatters!
The blast of rock fragments hits you. The grasping roots constrict you.
You have turned to stone.
Jorgrun points at you and mumbles some strange words.
The iron shot hits you!!!!
You feel more protected from physical attacks.
* * * LOW HITPOINT WARNING * * *
x2 The grasping roots constrict you.
Jorgrun casts a spell past you.
The wall shatters!
The blast of rock fragments hits you but does no damage.
You feel more protected from physical attacks.
* * * LOW HITPOINT WARNING * * *
The grasping roots constrict you!
Jorgrun hits you with a +0 quarterstaff of crushing.
You die...

## #.#
#.########
#........#
#..#####..
###..#
#[..)#####
#.#°......
###.##○#.###
#.....@g☼.##.#
###.##..§....#
#....###..##
###### #..#
..# ... .. .


You could see Jorgrun.

Vanquished Creatures
  2 hydras
  Josephine (D:13)
  Harold (D:7)
  A death knight (D:12)
  2 dancing weapons (D:12)
  A centaur warrior (D:13)
  2 two-headed ogres
  A tengu warrior (D:13)
  Sonja (D:10)
  A mana viper (shapeshifter) (D:15)
  A deep elf mage (D:14)
  2 ugly things
  A cyclops (D:14)
  5 gargoyles
  2 kobold demonologists (D:15)
  2 freezing wraiths (D:12)
  3 trolls
  A hornet (D:11)
  2 hippogriffs
  A spriggan (D:9)
  A shadow (D:13)
  9 wraiths
  3 wyverns
  A basilisk (D:14)
  8 yaks
  3 hungry ghosts
  3 wargs (D:10)
  2 steam dragons
  An acid dragon (D:15)
  A water moccasin (D:6)
  Duvessa (D:5)
  4 orc warriors
  2 ice beasts
  3 sky beasts
  4 phantoms
  A necrophage (D:8)
  4 ogres
  7 centaurs
  A crocodile (D:14)
  A big kobold (D:8)
  12 bullfrogs
  Dowan (D:5)
  4 scorpions
  26 killer bees
  10 wights
  A howler monkey (D:7)
  8 crimson imps
  3 centaur zombies
  A human zombie (Ossuary)
  7 orc priests
  4 bullfrog zombies
  5 hounds
  12 orc wizards
  3 bullfrog skeletons
  5 jellies
  2 centaur skeletons
  Ijyb (D:5)
  5 iguanas
  12 worker ants
  2 hound zombies
  5 mummies
  10 gnolls
  14 adders
  A shadow imp (D:3)
  An adder skeleton (D:6)
  2 worms
  2 dart slugs
  2 leopard geckos
  56 orcs
  2 ball pythons
  7 giant cockroaches
  2 gnoll zombies (Ossuary)
  10 goblins
  7 hobgoblins
  11 jackals
  4 quokkas
  3 bats
  8 frilled lizards
  A giant cockroach zombie (D:6)
  2 hobgoblin zombies
  A jackal skeleton (D:5)
  18 kobolds
  2 kobold zombies
  2 leopard gecko skeletons
  2 leopard gecko zombies
  2 orc zombies (Ossuary)
  A quokka skeleton (D:5)
  7 rats
402 creatures vanquished.

Vanquished Creatures (others)
  An adder (D:11)
  2 fungi (D:3)
  2 plants (D:3)
5 creatures vanquished.

Grand Total: 407 creatures vanquished

Notes
Turn   | Place    | Note
-------+----------+-------------------------------------------
     0 | D:1      | sumire the Formicid Fighter began the quest for the Orb.
     0 | D:1      | Reached XP level 1. HP: 18/18 MP: 1/1
   172 | D:1      | Reached XP level 2. HP: 24/24 MP: 2/2
   558 | D:1      | Reached XP level 3. HP: 29/29 MP: 3/3
  1326 | D:2      | Found a blossoming altar of Fedhas.
  1328 | D:2      | Reached XP level 4. HP: 34/37 MP: 4/4
  1790 | D:3      | Found a faded altar of an unknown god.
  1806 | D:3      | Reached skill level 3 in Axes
  1834 | D:3      | Noticed an ogre
  2464 | D:3      | Reached XP level 5. HP: 38/42 MP: 5/5
  3255 | D:3      | Found a runed translucent gate.
  3255 | D:3      | Found a runed translucent gate.
  3255 | D:3      | Noticed a big kobold
  3255 | D:3      | Noticed mnemonic's ghost (amateur GrFi)
  3256 | D:3      | Found a runed translucent gate.
  3579 | D:4      | Noticed an ogre
  4010 | D:4      | Reached XP level 6. HP: 49/49 MP: 6/6
  4027 | D:4      | Reached skill level 4 in Axes
  4302 | D:4      | Found a shadowy altar of Dithmenos.
  4356 | D:5      | Entered Level 5 of the Dungeon
  4356 | D:5      | Noticed Ijyb
  4932 | D:3      | Killed an ogre
  5108 | D:4      | Reached skill level 5 in Armour
  5108 | D:4      | Reached XP level 7. HP: 54/55 MP: 7/7
  5240 | D:5      | Reached skill level 5 in Fighting
  5375 | D:5      | Reached skill level 5 in Axes
  5470 | D:5      | Noticed Dowan
  5911 | D:5      | Noticed Duvessa
  5925 | D:5      | Killed Duvessa
  5926 | D:5      | Killed Dowan
  5926 | D:5      | Reached skill level 5 in Shields
  5926 | D:5      | Reached XP level 8. HP: 61/62 MP: 8/8
  6000 | D:5      | Reached skill level 1 in Throwing
  6211 | D:5      | You fall into a shaft and drop 3 floors!
  6278 | D:8      | Reached skill level 6 in Axes
  6671 | D:7      | Found a sand-covered staircase.
  6682 | Ossuary  | Entered an ossuary
  6921 | Ossuary  | Reached skill level 7 in Axes
  6989 | Ossuary  | Gained mutation: Your flesh is heat resistant. (rF+)
                  | [potion of mutation]
  6989 | Ossuary  | Gained mutation: Your spells are a little harder to cast,
                  | but a little more powerful. [potion of mutation]
  6990 | Ossuary  | Lost mutation: Your spells are a little harder to cast, but
                  | a little more powerful. [potion of mutation]
  6990 | Ossuary  | Lost mutation: Your flesh is heat resistant. (rF+) [potion
                  | of mutation]
  6990 | Ossuary  | Gained mutation: Your movements are slightly less
                  | encumbered by armour. (ER -2) [potion of mutation]
  6990 | Ossuary  | Gained mutation: You have sharp toenails. [potion of
                  | mutation]
  6990 | Ossuary  | Gained mutation: Your flesh is cold resistant. (rC+)
                  | [potion of mutation]
  6990 | Ossuary  | Gained mutation: You are agile. (Dex +2) [potion of
                  | mutation]
  7003 | Ossuary  | Reached XP level 9. HP: 68/68 MP: 9/9
  7339 | D:5      | Killed Ijyb
  7873 | D:6      | Found a staircase to the Ecumenical Temple.
  7890 | D:6      | Reached skill level 8 in Axes
  7909 | Temple   | Entered the Ecumenical Temple
  7994 | Temple   | Became a worshipper of Qazlal Stormbringer
  8778 | D:7      | Noticed Harold
  8801 | D:7      | Killed Harold
  8801 | D:7      | Reached skill level 9 in Axes
  8801 | D:7      | Reached XP level 10. HP: 28/77 MP: 10/10
  9134 | D:7      | HP: 2/77 [killer bee (6)]
  9788 | D:8      | Reached * piety under Qazlal
  9969 | D:8      | Reached skill level 10 in Axes
 10363 | D:8      | Found a blossoming altar of Fedhas.
 11042 | D:8      | Reached ** piety under Qazlal
 11910 | D:9      | Found a burning altar of Makhleb.
 11922 | D:9      | Noticed an Executioner
 11927 | D:9      | Noticed an orange demon
 12005 | D:9      | Reached XP level 11. HP: 83/86 MP: 11/11
 12175 | D:9      | Reached skill level 11 in Axes
 12522 | D:10     | Entered Level 10 of the Dungeon
 12551 | D:10     | Reached *** piety under Qazlal
 12557 | D:10     | Noticed a cyan ugly thing
 12757 | D:10     | Noticed Sonja
 12769 | D:10     | Killed Sonja
 13037 | D:10     | Learned a level 2 spell: Song of Slaying
 13061 | D:10     | You fall into a shaft and drop 3 floors!
 13064 | D:13     | Noticed a tengu warrior
 13074 | D:13     | Killed a tengu warrior
 13074 | D:13     | Reached skill level 1 in Invocations
 13094 | D:13     | Reached skill level 12 in Axes
 13171 | D:13     | Noticed a five-headed hydra
 13198 | D:13     | Noticed a +7 long sword
 13206 | D:12     | Killed a seven-headed hydra
 13445 | D:12     | Noticed a white ugly thing
 13453 | D:12     | Killed a white ugly thing
 13573 | D:12     | Found a staircase to the Orcish Mines.
 13582 | D:12     | Found Tyafobot's Weapon Emporium.
 13636 | D:12     | Noticed a two-headed ogre
 13642 | D:12     | Killed a two-headed ogre
 13651 | D:12     | Reached XP level 12. HP: 66/95 MP: 9/14
 13878 | D:11     | Reached **** piety under Qazlal
 13878 | D:11     | Reached skill level 10 in Armour
 13881 | D:11     | Got a pitted trident
 14154 | D:11     | Noticed a two-headed ogre
 14166 | D:11     | Killed a two-headed ogre
 14166 | D:11     | Reached skill level 13 in Axes
 14781 | D:10     | Found a staircase to the Lair.
 14936 | D:10     | Reached skill level 5 in Invocations
 15955 | D:13     | Noticed a death knight
 16058 | D:13     | Noticed a +6 long sword
 16086 | D:12     | Killed a +7 long sword
 16237 | D:12     | Killed a +6 long sword
 16237 | D:12     | Reached skill level 10 in Fighting
 16408 | D:13     | Found a gate to the Vaults.
 16417 | D:13     | Noticed Josephine
 16442 | D:13     | Killed Josephine
 16711 | D:12     | Killed a death knight
 16711 | D:12     | Reached XP level 13. HP: 97/103 MP: 17/17
 16872 | D:13     | Found a sacrificial altar of Ru.
 16929 | D:13     | Noticed a centaur warrior
 16932 | D:13     | Reached ***** piety under Qazlal
 16941 | D:13     | Killed a centaur warrior
 17422 | D:13     | Identified the +5 trident of Disintegration {speed, Int+6
                  | SInv} (You found it on level 11 of the Dungeon)
 17526 | D:14     | Reached skill level 14 in Axes
 18495 | D:15     | Entered Level 15 of the Dungeon
 18804 | D:15     | Noticed Jorgrun
 18809 | D:15     | Noticed an eight-headed hydra
 18822 | D:15     | Killed an eight-headed hydra
 18827 | D:15     | HP: 5/106 [Jorgrun/iron shot (35)]
 18828 | D:15     | HP: 1/106 [Jorgrun/+0 quarterstaff of crushing (3)]
 18829 | D:15     | Slain by Jorgrun

Levels and vault maps discovered:
D:1:      dpeg_arrival_boxorama, layout_basic
D:2:      layout_basic, first_ration, fedhas_altar_4
D:3:      layout_loops_corners, gammafunk_ghost_nasty_kobolds,
          chequers_ecumenical_altar_simple
D:4:      layout_basic, nicolae_dithmenos_through_a_glass_darkly,
          minmay_misc_feat_alley
D:5:      layout_cave_pools, uniq_duvessa, uniq_ijyb
D:6:      layout_basic, minmay_temple_entry_glass
D:7:      layout_cave_pods, nicolae_ossuary_entry_giza, uniq_harold
D:8:      layout_basic, serial_glass, glass_columns_b, glass_columns_b,
          glass_columns_b, glass_columns_b, glass_columns_a, glass_columns_a,
          basic_altar
D:9:      layout_grid_maze, the_bakery, makhleb_altar_promises_db
D:10:     layout_irregular_city, erik_lair_orcish_takeover, uniq_sonja
D:11:     layout_loops_cross, minmay_misc_feat_tiny,
          minmay_fractal_squares_gapless_5
D:12:     layout_roguey, orc_david_3
D:13:     layout_loops_ring, erik_vaults_1, nicolae_ru_sacrificial_ziggurat,
          uniq_josephine
D:14:     layout_roguey
D:15:     grunt_enter_depths_magical_seal, layout_loops_corners, uniq_jorgrun
Temple:   minmay_crystal_snake_temple

Skill      XL: |  1  2  3  4  5  6  7  8  9 10 11 12 13 |
---------------+----------------------------------------+-----
Armour         | 4 5 6 7 9 10 11 | 11.3
Axes           | 3 4 5 7 9 10 12 13 14 | 14.5
Fighting       | 4 5 6 7 9 10 11 | 11.0
Shields        | 4 5 6 7 |  7.7
Throwing       | 1 2 |  2.5
Invocations    | 3 6 |  6.6
Polearms       | |  0.3
Evocations     | |  0.5

Action                   |  1- 3 |  4- 6 |  7- 9 | 10-12 | 13-15 || total
-------------------------+-------+-------+-------+-------+-------++-------
Melee: War axe           |    86 |   263 |   345 |   797 |    40 ||  1531
       Kick              |       |       |    41 |   254 |    78 ||   373
       Battleaxe         |       |       |       |       |   154 ||   154
       Trident           |       |       |       |       |     7 ||     7
Throw: Dart              |       |       |    16 |    11 |       ||    27
 Abil: Dig               |       |       |       |     3 |       ||     3
Evoke: Wand              |       |       |       |     4 |       ||     4
  Use: Scroll            |       |     1 |    14 |     6 |     7 ||    28
       Potion            |       |       |     5 |     3 |       ||     8
 Stab: Paralysed         |       |       |       |     4 |       ||     4
       Confused          |       |       |       |     2 |       ||     2
  Eat: Chunk             |     1 |     9 |    12 |    20 |     9 ||    51
       Ration            |       |     1 |       |     2 |     1 ||     4
Armor: Scale mail        |    43 |       |       |       |       ||    43
       Chain mail        |       |    75 |       |       |       ||    75
       Plate armour      |       |    70 |   164 |   298 |    75 ||   607
       Skin              |       |       |    27 |       |       ||    27
Dodge: Dodged            |    23 |    61 |    83 |   177 |    21 ||   365
       Deflected         |       |       |       |       |     2 ||     2
Block: Shield            |    43 |   144 |   170 |   571 |    29 ||   957
       Large shield      |       |       |       |       |   150 ||   150
